 Dungeon Crawl Stone Soup version 0.16.1-16-gc44b35d (webtiles) character file.

3168 jacksonaction the Cleaver (level 9, 0/75 HPs)
             Began as a Deep Dwarf Fighter on Apr 19, 2015.
             Was an Elder of Makhleb.
             Killed themself with a badly aimed orb of electricity (24 damage)
             ... on level 8 of the Dungeon.
             The game lasted 00:43:53 (7765 turns).

jacksonaction the Cleaver (Deep Dwarf Fighter)      Turns: 7765, Time: 00:43:53

Health: 0/75       AC: 13    Str: 22    XL:     9   Next: 63%
Magic:  20/20      EV:  6    Int: 10    God:    Makhleb [****..]
Gold:   243        SH: 10    Dex: 17    Spells: 0 memorised, 8 levels left

rFire  . . .     SeeInvis .     t - +2 flail (crush)
rCold  + . .     Clarity  .     P - +1 chain mail {rC+}
rNeg   . . .     SustAb   .     c - +0 shield
rPois  .         Gourm    .     (no helmet)
rElec  .         Spirit   .     (no cloak)
rCorr  .         Warding  .     (no gloves)
rMut   +         Stasis   .     (no boots)
MR     +....                    D - amulet of resist mutation
Stlth  ..........               s - +5 ring of dexterity
                                C - +3 ring of protection (curse)

@: non-regenerating, somewhat resistant to hostile enchantments, extremely
unstealthy
A: damage resistance, recharge devices, sense surroundings 2, slow healing 3
a: Device Recharging, Minor Destruction, Lesser Servant of Makhleb, Major
Destruction, Renounce Religion


You were on level 8 of the Dungeon.
You worshipped Makhleb.
Makhleb was greatly pleased with you.
You were not hungry.

You visited 2 branches of the dungeon, and saw 9 of its levels.

You collected 453 gold pieces.
You spent 210 gold pieces at shops.

Inventory:

Hand weapons
 t - a +2 flail of crushing (weapon)
Missiles
 i - 107 sling bullets
 y - 10 tomahawks (quivered)
 A - 12 sling bullets of flame
Armour
 c - a +0 shield (worn)
 P - a +1 chain mail of cold resistance (worn)
Jewellery
 k - an uncursed ring of protection from cold
 s - a +5 ring of dexterity (right hand)
 C - a cursed +3 ring of protection (left hand)
 D - an amulet of resist mutation (around neck)
Magical devices
 d - a wand of heal wounds (2)
 v - a wand of flame (25)
 J - a wand of enslavement (2)
 M - a wand of flame (8)
 N - a wand of invisibility (5)
Scrolls
 a - a scroll of noise {unknown}
 b - 4 scrolls of magic mapping
 h - 4 scrolls of blinking
 n - 4 scrolls of identify
 p - a scroll of fog {unknown}
 q - 6 scrolls of remove curse
 r - a scroll of immolation {unknown}
 w - a scroll of enchant armour {unknown}
 x - 4 scrolls of teleportation
 H - a scroll of fear
 K - a scroll of holy word {unknown}
 O - 2 scrolls of recharging
Potions
 e - 3 potions of might
 g - a potion of cancellation {unknown}
 l - 2 potions of curing
 m - a potion of experience {unknown}
 z - 2 potions of mutation {unknown}
 B - 3 potions of cure mutation {unknown}
 F - a potion of invisibility {unknown}
 G - a potion of ambrosia {unknown}
 L - a potion of restore abilities {unknown}
Books
 E - a book of Death

   Spells                             Type                      Level
   a - Corpse Rot                     Necromancy                   2
   b - Sublimation of Blood           Necromancy                   2
   c - Agony                          Necromancy                   5
   d - Dispel Undead                  Necromancy                   5
   e - Excruciating Wounds            Charms/Necromancy            5
   f - Bolt of Draining               Conjuration/Necromancy       5
Comestibles
 f - 5 bread rations
 j - a chunk of flesh
 o - 5 meat rations
 u - a beef jerky
 I - 2 slices of pizza


   Skills:
 - Level 3.1 Fighting
   Level 11.2(11.5) Axes
 * Level 3.9(7.7) Maces & Flails
 - Level 3.8 Armour
 - Level 0.4 Dodging
 - Level 4.1 Shields
 - Level 4.9 Invocations
 - Level 8.2 Evocations


You had 8 spell levels left.
You didn't know any spells.

Dungeon Overview and Level Annotations

Branches:
Dungeon (8/15)             Temple (1/1) D:4
   Lair: D:8-11

Altars:
Ashenzari
Cheibriados
Dithmenos
Fedhas
Gozag
Kikubaaqudgha
Makhleb
Nemelex Xobeh
Okawaru
Qazlal
Ru
Trog
Vehumet
Xom
Yredelemnul
The Shining One

Shops:
D:5 ?[   D:7 [}*(


Innate Abilities, Weirdness & Mutations

You are resistant to damage.
You can recharge devices by infusing magical energy.
You passively map the area around you.
You do not heal naturally.


Message History

The killer bee is severely wounded.
You block the killer bee's attack. The killer bee stings you.
* * * LOW HITPOINT WARNING * * *
You block the killer bee's attack.
You sock the killer bee!
You kill the killer bee!
Makhleb accepts your kill. You block the killer bee's attack. x2
Use which ability? (? or * to list)
Press: ? - help, Shift-Dir - straight line The orb of electricity explodes!
The orb of electricity engulfs the killer bee.
You kill the killer bee!
Makhleb accepts your kill.
You feel a little better.
The orb of electricity engulfs the killer bee.
You kill the killer bee!
Makhleb accepts your kill.
You feel a little better. The orb of electricity engulfs you!
You die...

####...#####...
##..,, ##..........
, ,,..... *
##........# *
......* #.....####
* ...?... ##...##
......., #...#
.....D. , #...##
##...# *
##...#########...#*
* **
#....yy††@)....##
###...####..####
##### #### * *


You could see 2 killer bees.

Vanquished Creatures
  A wyvern (D:8)
  Edmund (D:7)
  2 orc warriors
  An ice beast (D:6)
  2 phantoms
  5 centaurs
  An ogre (D:6)
  5 giant frogs
  A gnoll sergeant (D:8)
  8 killer bees (D:8)
  A water moccasin skeleton (D:6)
  3 wights (D:7)
  2 goliath beetles (D:6)
  2 crimson imps
  4 orc priests
  A centaur zombie (D:5)
  2 giant frog skeletons
  3 hounds
  A jelly (D:5)
  3 orc wizards
  A centaur skeleton (D:5)
  Natasha (thrice) (D:5)
  An iguana (D:7)
  7 worker ants
  A hound zombie (D:5)
  A worker ant zombie (D:6)
  6 gnolls (D:8)
  8 adders
  A giant mite (D:4)
  3 shadow imps
  A worm (D:6)
  2 adder skeletons
  2 giant geckos
  3 oozes
  21 orcs
  10 bats
  A bat zombie (D:7)
  5 giant cockroaches
  12 hobgoblins
  4 quokkas
  A giant gecko zombie (D:6)
  11 giant newts
  11 goblins
  10 jackals
  A jackal zombie (D:6)
  6 kobolds
  A quokka zombie (D:6)
  14 rats
197 creatures vanquished.

Notes
Turn   | Place    | Note
--------------------------------------------------------------
     0 | D:1      | jacksonaction, the Deep Dwarf Fighter, began the quest for the Orb.
     0 | D:1      | Reached XP level 1. HP: 20/20 MP: 1/1
   225 | D:1      | Reached skill level 1 in Evocations
   241 | D:1      | Reached XP level 2. HP: 24/27 MP: 2/2
   897 | D:2      | Found a shadowy altar of Dithmenos.
   991 | D:2      | Reached XP level 3. HP: 29/34 MP: 3/3
  1913 | D:3      | Reached skill level 4 in Shields
  1934 | D:3      | Reached XP level 4. HP: 22/42 MP: 5/5
  2494 | D:4      | Found an opulent altar of Gozag.
  2580 | D:4      | Found a staircase to the Ecumenical Temple.
  2596 | Temple   | Entered the Ecumenical Temple
  2667 | Temple   | Became a worshipper of Makhleb the Destroyer
  2763 | D:4      | Reached XP level 5. HP: 39/49 MP: 6/8
  2998 | D:4      | Reached skill level 5 in Evocations
  3368 | D:4      | Reached XP level 6. HP: 24/56 MP: 11/11
  3448 | D:4      | Acquired Makhleb's first power
  3467 | D:4      | Found a bloodstained altar of Trog.
  3858 | D:5      | Entered Level 5 of the Dungeon
  3933 | D:5      | Reached skill level 6 in Evocations
  4005 | D:5      | Found Yrecs' Magic Scroll Emporium.
  4032 | D:5      | Bought a scroll of remove curse for 42 gold pieces
  4032 | D:5      | Bought a scroll of teleportation for 42 gold pieces
  4032 | D:5      | Bought a scroll of fear for 49 gold pieces
  4032 | D:5      | Bought a scroll of amnesia for 49 gold pieces
  4032 | D:5      | Bought a scroll of identify for 28 gold pieces
  4074 | D:5      | Noticed Natasha
  4080 | D:5      | Killed Natasha
  4110 | D:5      | Noticed Natasha
  4122 | D:5      | Killed Natasha
  4161 | D:5      | Reached skill level 5 in Axes
  4193 | D:5      | Reached skill level 1 in Invocations
  4193 | D:5      | Reached XP level 7. HP: 36/62 MP: 14/14
  4372 | D:5      | Noticed Natasha
  4373 | D:5      | Killed Natasha
  4792 | D:5      | Found Xoqoh's Antique Armour Shoppe.
  4964 | D:6      | Acquired Makhleb's second power
  4964 | D:6      | Reached skill level 7 in Evocations
  5412 | D:6      | Reached XP level 8. HP: 61/69 MP: 17/17
  5762 | D:6      | Reached skill level 8 in Axes
  6281 | D:7      | Found a basalt altar of Yredelemnul.
  6351 | D:7      | Found Kuhoydoth's Assorted Antiques.
  6364 | D:7      | Reached skill level 9 in Axes
  6378 | D:7      | Noticed Edmund
  6400 | D:7      | Killed Edmund
  6424 | D:7      | Found Oji Stuj's Gadget Boutique.
  6465 | D:7      | Found Gruonudd's Antique Armour Emporium.
  6553 | D:7      | Acquired Makhleb's third power
  6555 | D:7      | Reached skill level 10 in Axes
  6639 | D:7      | Gained mutation: You passively map the area around you. [level up]
  6639 | D:7      | Reached XP level 9. HP: 42/75 MP: 18/18
  6744 | D:7      | Found Clelog Phoash's Weapon Shop.
  7070 | D:8      | Reached skill level 11 in Axes
  7252 | D:8      | Reached skill level 1 in Maces & Flails
  7469 | D:8      | Acquired Makhleb's fourth power
  7648 | D:8      | HP: 1/75 [centaur (5)]
  7765 | D:8      | Killed themself with a badly aimed orb of electricity

Action                   |  1- 3 |  4- 6 |  7- 9 || total
-------------------------+-------+-------+-------++-------
Melee: War axe           |   169 |   240 |   392 ||   801
       Mace              |       |       |    56 ||    56
       Flail             |       |       |    45 ||    45
Throw: Stone             |       |     4 |       ||     4
       Tomahawk          |       |    10 |    53 ||    63
Invok: Minor Destruction |       |       |     1 ||     1
Evoke: Wand              |       |     5 |     5 ||    10
  Use: Scroll            |       |       |     5 ||     5
       Potion            |       |       |     2 ||     2
  Eat: Chunk             |     4 |     7 |    13 ||    24
